 Dungeon Crawl Stone Soup version 0.30.1-11-g7821555f0a (webtiles) character file.

Game seed: 13427468816677423191

2333 monsoonserge the Covered (level 9, -13/68 HPs)
             Began as a Demonspawn Warper on Nov 2, 2023.
             Mangled by a gnoll sergeant
             ... wielding a +4 spear of venom
              (18 damage)
             ... on level 6 of the Dungeon.
             The game lasted 00:25:36 (7537 turns).

monsoonserge the Covered (Demonspawn Warper)        Turns: 7537, Time: 00:25:37

Health: -13/68     AC:  5    Str: 11 (12) XL:     9   Next: 19%
Magic:  13/13      EV: 13    Int: 21      God:
Gold:   294        SH:  9    Dex: 12      Spells: 10/14 levels left

rFire   . . .        N - +3 long sword (elec)
rCold   . . .        (no shield)
rNeg    . . .        I - +2 robe {Will+}
rPois   .            (helmet unavailable)
rElec   .            M - scarf {harm}
rCorr   .            x - +0 pair of gloves
SInv    .            (no boots)
Will    ++...        u - amulet of reflection
Stlth   +++          L - ring of willpower
HPRegen 0.31/turn    (no ring)
MPRegen 0.13/turn

%: harm (+30% outgoing, +20% incoming), reflection
@: lethally poisoned (-13 -> -35)
A: claws 1, horns 3, demonic guardian 1, condensation shield, weakness stinger
1, camouflage 1, clever 1, screaming 1, wild magic 1
a: no special abilities


You were on level 6 of the Dungeon.
You visited 2 branches of the dungeon, and saw 8 of its levels.

You collected 294 gold pieces.

Inventory:

Hand Weapons
 N - a +3 long sword of electrocution (weapon)
Missiles
 d - 6 boomerangs of dispersal
 f - 5 poisoned darts (quivered)
 D - 4 atropa-tipped darts
 H - 2 boomerangs
Armour
 q - a +0 troll leather armour {Pargi}
 x - a +0 pair of gloves (worn)
 I - a +2 robe of willpower (worn)
 J - a +0 cloak
 M - a scarf of harm (worn)
Jewellery
 u - an amulet of reflection (around neck)
 L - a ring of willpower (left hand)
Wands
 a - a wand of light (6)
 C - a wand of flame (22)
Scrolls
 c - a scroll of blinking
 g - 2 scrolls of fog {unknown}
 h - 2 scrolls of enchant weapon {unknown}
 i - a scroll of fear
 j - 2 scrolls of amnesia {unknown}
 k - 6 scrolls of teleportation
 n - a scroll of noise {unknown}
 r - a scroll of silence {unknown}
 s - a scroll of vulnerability {unknown}
 w - 2 scrolls of enchant armour {unknown}
 y - a scroll of immolation {unknown}
 B - 2 scrolls of poison {unknown}
Potions
 b - a potion of ambrosia {unknown}
 e - 3 potions of heal wounds {unknown}
 l - a potion of haste {unknown}
 m - a potion of resistance
 o - 2 potions of flight
 t - 2 potions of might
 v - a potion of magic {unknown}
 A - 3 potions of degeneration {unknown}
 F - 3 potions of attraction {unknown}
 G - 2 potions of lignification


   Skills:
 + Level 5.0 Fighting
 + Level 3.4 Long Blades
 + Level 2.5 Throwing
 + Level 5.3 Armour
 + Level 4.4 Dodging
 + Level 2.3 Stealth
 * Level 4.1 Unarmed Combat
 - Level 3.0 Spellcasting
 + Level 3.7 Translocations
 + Level 1.8 Transmutations
 + Level 1.8 Evocations


You had 10 spell levels left.
You knew the following spells:

 Your Spells              Type           Power      Damage    Failure   Level
a - Blink                 Tloc           48%        N/A       7%          2
b - Wereblood             Tmut           14%        N/A       14%         2

Your spell library contained the following spells:

 Spells                   Type           Power      Damage    Failure   Level
 Lesser Beckoning         Tloc           48%        N/A       7%          2
 Gell's Gravitas          Tloc           24%        N/A       13%         3
 Teleport Other           Tloc           24%        N/A       13%         3
 Sandblast                Erth           8%         2d5       19%         1
 Passwall                 Tmut/Erth      7%         N/A       21%         2
 Vhi's Electric Charge    Tloc/Air       28%        N/A       26%         3
 Sublimation of Blood     Necr           4%         N/A       28%         2
 Manifold Assault         Tloc           24%        N/A       36%         4
 Stone Arrow              Conj/Erth      8%         3d7       45%         3
 Anguish                  Hex/Necr       2%         N/A       85%         4
 Cause Fear               Hex            2%         N/A       85%         4
 Enfeeble                 Hex            2%         N/A       100%        7
 Summon Hydra             Summ           2%         N/A       100%        7


Dungeon Overview and Level Annotations

Branches:
Dungeon (7/15)             Temple (1/1) D:5

Altars:
Ashenzari
Cheibriados
Dithmenos
Gozag
Hepliaklqana
Kikubaaqudgha
Makhleb
Nemelex Xobeh
Okawaru
Qazlal
Ru
Sif Muna
Uskayaw
Vehumet
Xom
Yredelemnul


Innate Abilities, Weirdness & Mutations

You have sharp fingernails.
You have a pair of large horns on your head.
A weak demonic guardian rushes to your aid.
A meltable shield of frost defends you. (SH +4)
You have a small tail.
Your skin changes colour to match your surroundings (Stealth+).
Your mind is acute. (Int +4, Str/Dex -1)
You occasionally shout uncontrollably at your foes.
Your spells are a little harder to cast, but a little more powerful.


Message History

You feel sick.
Your quasit barely misses the gnoll sergeant.
Your quasit claws the gnoll sergeant but does no damage. x2
You feel sick.
You feel sick.
Your magical contamination has completely faded away.
You feel sick.
You feel sick.
You see here 3 stones.
You feel sick.
You are no longer poisoned.
Your quasit disappears in a puff of smoke!
You see here 3 stones.
There is a stone staircase leading up here.
You block the gnoll sergeant's attack.
You climb upwards.
There is a stone staircase leading down here.
You start resting.
HP restored.
You climb downwards.
There is a stone staircase leading up here.
The gnoll sergeant hits you from afar with a +4 spear of venom!
You are poisoned.
You feel very sick.
The gnoll sergeant hits you with a +4 spear of venom!
You are lethally poisoned!
You hit the gnoll sergeant.
You headbutt the gnoll sergeant, but do no damage.
The gnoll sergeant is moderately wounded.
You feel extremely sick. You block the gnoll sergeant's attack.
You slash the gnoll sergeant!
The gnoll sergeant is severely wounded.
* * * LOW HITPOINT WARNING * * *
You feel extremely sick.
The gnoll sergeant hits you with a +4 spear of venom!
* * * LOW HITPOINT WARNING * * *
A demonic guardian appears!
The gnoll sergeant hits you with a +4 spear of venom!
You die...

#≈........≈≈#.....###.#####......
#.≈###########........# ##.....
#.........####.......## ##.....
#..#.................# ##..##..
..##................## ##..##...
.####...............#####..###...
## ##...........5.....##..####...
# #..#####...........<...##)>.##
# ##..# ###..g@.........#....# #
#..## ##.....######.....## ###..#
#......## ##....# .#..##
##.......## ##...### ....#
##.........## #......
....#######<..........## #...>..
..............##..#...(####g)###.
......###...####..###.....#..##..
...#### ##.## ##.#####......##..


You could see a gnoll sergeant (ally target) and a friendly quasit (summoned).

Vanquished Creatures
  Sigmund (D:5)
  Menkaure (D:5)
  Edmund (D:4)
  Duvessa (D:5)
  3 water moccasins (D:5)
  Pargi (D:3)
  A black bear (Temple)
  An ogre (D:7)
  A phantom (D:6)
  2 scorpions
  Dowan (D:5)
  7 killer bees
  5 hounds
  Crazy Yiuf (D:5)
  An orc priest (D:6)
  5 jellies
  2 iguanas (D:5)
  2 orc wizards
  4 gnolls
  6 adders
  An ufetubus (D:5)
  2 worms (D:1)
  2 dart slugs
  7 orcs
  8 endoplasms
  A giant cockroach (D:1)
  7 goblins
  6 hobgoblins
  4 jackals (D:4)
  A quokka (D:1)
  9 ball pythons
  4 bats
  4 frilled lizards
  7 kobolds
  6 rats
  A spectral orc (D:5)
117 creatures vanquished.

Vanquished Creatures (collateral kills)
  A killer bee (D:6)
  An iguana (D:5)
  2 ufetubi
  An orc (D:6)
5 creatures vanquished.

Grand Total: 122 creatures vanquished

Notes
Turn   | Place    | Note
-------+----------+-------------------------------------------
     0 | D:1      | monsoonserge the Demonspawn Warper began the quest for the
                  | Orb.
     0 | D:1      | Reached XP level 1. HP: 16/16 MP: 3/3
   236 | D:1      | Discovered your monstrous ancestry.
   236 | D:1      | Gained mutation: You have a pair of small horns on your
                  | head. [demonic ancestry]
   236 | D:1      | Reached XP level 2. HP: 18/22 MP: 5/5
   824 | D:1      | Learned a level 2 spell: Blink
   972 | D:1      | Reached skill level 1 in Armour
   972 | D:1      | Gained mutation: You have a small tail. [demonic ancestry]
   972 | D:1      | Reached XP level 3. HP: 12/28 MP: 6/6
  1424 | D:2      | Gained mutation: You have a pair of horns on your head.
                  | [demonic ancestry]
  1424 | D:2      | Reached XP level 4. HP: 32/34 MP: 7/7
  1475 | D:2      | Found a faded altar of an unknown god.
  2244 | D:2      | Gained mutation: A weak demonic guardian rushes to your
                  | aid. [demonic ancestry]
  2244 | D:2      | Reached XP level 5. HP: 31/39 MP: 8/8
  2405 | D:3      | Learned a level 2 spell: Wereblood
  3054 | D:4      | Noticed Pargi
  3055 | D:4      | Noticed Edmund
  3123 | D:3      | Killed Pargi
  3124 | D:3      | Gained mutation: You have sharp fingernails. [demonic
                  | ancestry]
  3124 | D:3      | Reached XP level 6. HP: 19/46 MP: 8/10
  3495 | D:4      | Killed Edmund
  3496 | D:4      | Reached skill level 1 in Throwing
  3496 | D:4      | Reached skill level 1 in Transmutations
  3649 | D:5      | Entered Level 5 of the Dungeon
  3658 | D:4      | Reached skill level 1 in Unarmed Combat
  3658 | D:4      | Reached XP level 7. HP: 31/51 MP: 11/11
  3758 | D:5      | Gained mutation: Your body sometimes deteriorates upon
                  | taking damage. [potion of mutation]
  3758 | D:5      | Gained mutation: You are weak. (Str -2) [potion of
                  | mutation]
  3758 | D:5      | Gained mutation: A frigid envelope surrounds you and
                  | freezes all who hurt you. [potion of mutation]
  3781 | D:4      | Lost mutation: A frigid envelope surrounds you and freezes
                  | all who hurt you. [potion of mutation]
  3781 | D:4      | Lost mutation: You are weak. (Str -2) [potion of mutation]
  3781 | D:4      | Gained mutation: Your spells are a little easier to cast,
                  | but a little less powerful. [potion of mutation]
  3781 | D:4      | Gained mutation: You occasionally shout uncontrollably at
                  | your foes. [potion of mutation]
  3781 | D:4      | Gained mutation: You have sharp toenails. [potion of
                  | mutation]
  3841 | D:5      | Found a staircase to the Ecumenical Temple.
  3853 | D:5      | Noticed Dowan
  3855 | Temple   | Entered the Ecumenical Temple
  4065 | D:5      | Noticed Duvessa
  4084 | D:5      | Killed Duvessa
  4092 | D:5      | Killed Dowan
  4192 | D:5      | Found a runed translucent door.
  4193 | D:5      | Identified the +1 hammer of the End of Times {venom, Drain
                  | Dex+5}
  4193 | D:5      | Noticed Crazy Yiuf
  4229 | D:5      | Gained mutation: A meltable shield of frost defends you.
                  | (SH +4) [demonic ancestry]
  4229 | D:5      | Reached XP level 8. HP: 31/58 MP: 12/12
  4270 | D:5      | Found an iron altar of Okawaru.
  4287 | D:5      | Noticed Menkaure
  4297 | D:5      | Killed Menkaure
  4298 | D:5      | Reached skill level 1 in Evocations
  4424 | D:5      | Found a shadowy altar of Dithmenos.
  4424 | D:5      | Found a burning altar of Makhleb.
  4498 | D:5      | Found a hazy altar of Hepliaklqana.
  4668 | D:5      | Noticed Sigmund
  4674 | D:5      | Killed Sigmund
  4675 | D:5      | Reached skill level 5 in Armour
  4675 | D:5      | Reached skill level 1 in Stealth
  4892 | D:5      | Killed Crazy Yiuf
  5196 | D:6      | Found a sacrificial altar of Ru.
  5783 | D:6      | Gained mutation: You have a pair of large horns on your
                  | head. [demonic ancestry]
  5783 | D:6      | Reached XP level 9. HP: 39/66 MP: 13/13
  6510 | D:6      | Lost mutation: You have sharp toenails. [potion of
                  | mutation]
  6510 | D:6      | Lost mutation: Your body sometimes deteriorates upon taking
                  | damage. [potion of mutation]
  6510 | D:6      | Lost mutation: Your spells are a little easier to cast, but
                  | a little less powerful. [potion of mutation]
  6510 | D:6      | Gained mutation: Your skin changes colour to match your
                  | surroundings (Stealth+). [potion of mutation]
  6510 | D:6      | Gained mutation: Your spells are a little harder to cast,
                  | but a little more powerful. [potion of mutation]
  6510 | D:6      | Gained mutation: Your mind is acute. (Int +4, Str/Dex -1)
                  | [potion of mutation]
  6945 | D:6      | Reached skill level 5 in Fighting
  6951 | D:6      | HP: 2/68 [killer bee (7)]
  7537 | D:6      | Mangled by a gnoll sergeant

Illustrated notes

Levels and vault maps discovered:
D:1:      minmay_arrival_open_corners, layout_loops_ring,
          kennysheep_another_room, nrook_mini_vaults
D:2:      minmay_angry_zag, layout_basic, shapermc_ecumenical_altar_hornbeckon
D:3:      layout_loops_ring
D:4:      layout_basic, uniq_pargi, uniq_edmund
D:5:      layout_loops_cross, nicolae_hepliaklqana_monster_ancestors,
          kennysheep_okawaru_gauntlet, gammafunk_temple_overflow_elements,
          minmay_temple_entry_overgrown, amcnicky_mini_rare_corridor_liquid,
          uniq_duvessa, uniq_menkaure, uniq_crazy_yiuf_cottage, uniq_sigmund
D:6:      layout_layer_cave, nicolae_ru_path_of_blood
D:7:      layout_basic, bh_walls_and_bars, uniq_maggie
Temple:   eino_narrow_crystal_temple

Skill      XL: |  1  2  3  4  5  6  7  8  9 |
---------------+----------------------------+-----
Translocations | 3 |  3.7
Long Blades    | 2 3 |  3.4
Armour         | 1 2 3 4 5 |  5.3
Dodging        | 2 4 |  4.4
Throwing       | 1 2 |  2.5
Transmutations | 1 |  1.8
Unarmed Combat | 1 2 3 4 |  4.1
Fighting       | 3 4 5 |  5.0
Spellcasting   | 3 |  3.0
Evocations     | 1 |  1.8
Stealth        | 1 2 |  2.3

Action                     |  1- 3 |  4- 6 |  7- 9 || total
---------------------------+-------+-------+-------++-------
  Melee: Falchion          |   125 |   102 |       ||   227
         Punch             |     1 |       |     1 ||     2
         Headbutt          |     8 |    21 |    23 ||    52
         Tailslap          |     3 |    11 |    22 ||    36
         Flail             |       |     8 |   108 ||   116
         Kick              |       |       |    25 ||    25
         Unarmed           |       |       |    53 ||    53
         Quarterstaff      |       |       |     2 ||     2
         Long sword        |       |       |    22 ||    22
  Throw: Dart              |       |    10 |     9 ||    19
         Boomerang         |       |     1 |     2 ||     3
   Cast: Blink             |       |     1 |     3 ||     4
         Wereblood         |       |       |     1 ||     1
  Evoke: Wand              |       |     2 |     6 ||     8
    Use: Potion            |       |       |     5 ||     5
         Scroll            |       |       |     5 ||     5
   Stab: Distracted        |       |       |     1 ||     1
         Invisible         |       |       |     1 ||     1
 Armour: Ring mail         |    65 |    47 |       ||   112
         Troll leather arm |       |     4 |    24 ||    28
         Robe              |       |       |    17 ||    17
  Dodge: Dodged            |    65 |    74 |   116 ||   255
  Block: Other             |       |    37 |   108 ||   145
